 Dungeon Crawl Stone Soup version 0.25-a0-577-ga4619f409e (webtiles) character file.

Game seed: 4798466808506963339, levelgen mode: deterministic

135333 Flugslaktarn the Severer (level 16, -2/149 HPs)
             Began as a Minotaur Fighter on Mar 2, 2020.
             Was a High Priest of Cheibriados.
             Shot with a sling bullet by a satyr (20 damage)
             ... on level 4 of the Shoals.
             The game lasted 00:13:19 (22260 turns).

Flugslaktarn the Severer (Minotaur Fighter)        Turns: 22260, Time: 00:13:19

Health: -2/149     AC: 27    Str: 38    XL:     16   Next: 34%
Magic:  14/24      EV: 27    Int: 19    God:    Cheibriados [*****.]
Gold:   1757       SH: 25    Dex: 24    Spells: 15/15 levels left

rFire    + + .     SeeInvis .   a - +4 broad axe (freeze)
rCold    + . .     Gourm    .   F - +1 tower shield
rNeg     . . .     Faith    .   o - +0 plate armour
rPois    .         Spirit   .   (helmet unavailable)
rElec    .         Reflect  .   N - +1 cloak
rCorr    .         Harm     .   P - +1 pair of gloves
MR       +....                  E - +2 pair of boots
Stlth    ..........             D - amulet of Fouha {Acrobat rF++ rC+ Int+4}
HPRegen  0.34/turn              p - +2 ring of protection
MPRegen  0.19/turn              H - +5 ring of evasion

@: about to teleport, acrobat, very slow
A: retaliatory headbutt, beak, horns 3, dopey 1, mutation resistance 1
}: 1/15 runes: gossamer
a: Bend Time, Temporal Distortion, Slouch, Step From Time, Renounce Religion


You were on level 4 of the Shoals.
You worshipped Cheibriados.
Cheibriados was extremely pleased with you.
You were hungry.

You visited 4 branches of the dungeon, and saw 25 of its levels.
You also visited: Ossuary.

You collected 1757 gold pieces.

Inventory:

Hand Weapons
 a - a +4 broad axe of freezing (weapon)
   (You took it off Urug on level 1 of the Lair of Beasts)
 b - a +3 war axe of flaming
   (You took it off a wight on level 7 of the Dungeon)
Missiles
 A - 10 throwing nets (quivered)
Armour
 m - a scarf of spirit shield
   (You found it on level 4 of the Dungeon)
 o - a +0 plate armour (worn)
   (You found it on level 5 of the Dungeon)
 E - a +2 pair of boots (worn)
   (You found it on level 7 of the Dungeon)
 F - a +1 tower shield (worn)
   (You found it on level 2 of the Lair of Beasts)
 N - a +1 cloak (worn)
   (You found it on level 2 of the Spider Nest)
 P - a +1 pair of gloves (worn)
   (You found it on level 5 of the Lair of Beasts)
Jewellery
 c - an uncursed ring of protection from cold
   (You found it on level 3 of the Spider Nest)
 p - a +2 ring of protection (left hand)
   (You found it on level 2 of the Dungeon)
 D - the amulet of Fouha (around neck) {Acrobat rF++ rC+ Int+4}
   (You found it on level 5 of the Dungeon)

   [amulet of the acrobat]

   It helps you evade while moving and waiting.
   It affects your intelligence (+4).
   It greatly protects you from fire.
   It protects you from cold.
 H - a +5 ring of evasion (right hand)
   (You found it on level 3 of the Dungeon)
 Q - an uncursed amulet of guardian spirit {unknown}
   (You found it on level 2 of the Shoals)
 R - the amulet of the Air {Inacc +Fly rElec EV+5 RMsl}
   (You found it on level 4 of the Shoals)

   [amulet of inaccuracy]

   It reduces the accuracy of all your attacks.
   It affects your evasion (+5).
   It insulates you from electricity.
   It lets you fly.
   It protects you from missiles.
Wands
 v - a wand of digging (11)
   (You found it on level 4 of the Lair of Beasts)
 I - a wand of iceblast (32)
   (You found it on level 11 of the Dungeon)
 K - a wand of acid (4)
   (You found it on level 3 of the Lair of Beasts)
 M - a wand of paralysis (32)
   (You found it on level 4 of the Lair of Beasts)
Scrolls
 j - 5 scrolls of magic mapping
 k - a scroll of enchant weapon
 r - 7 scrolls of identify
 t - 9 scrolls of teleportation
 u - a scroll of fear
 x - 6 scrolls of remove curse
 y - 8 scrolls of immolation
 z - 3 scrolls of blinking
 G - a scroll of summoning
 L - a scroll of vulnerability
 S - a scroll of brand weapon
Potions
 d - 9 potions of might
 f - 3 potions of lignification
 g - 4 potions of brilliance
 h - 4 potions of haste
 i - a potion of stabbing
 l - a potion of invisibility
 n - 2 potions of resistance
 q - 4 potions of curing
 s - 2 potions of flight
 w - a potion of heal wounds
 C - 5 potions of ambrosia
 J - a potion of mutation
 O - a potion of cancellation
Comestibles
 e - 33 rations


   Skills:
 + Level 15.1 Fighting
 - Level 18.0 Axes
 + Level 15.1 Armour
 - Level 15.0 Shields
 + Level 12.6 Invocations


You had 15 spell levels left.
You didn't know any spells.
Your spell library was empty.

Dungeon Overview and Level Annotations

Branches:
Dungeon (11/15)            Temple (0/1) D:6            Lair (6/6) D:11
 Shoals (4/4) Lair:3       Spider (4/4) Lair:4        Slime (0/5) Lair:5
    Orc (0/2) D:10        Ossuary (visited)

Altars:
Ashenzari
Cheibriados
Fedhas
Gozag
Makhleb
Okawaru
Qazlal
Ru
Sif Muna
Vehumet
Wu Jian
Zin

Annotations:
D:5 2 transporters
Lair:6 2 transporters, Flugslaktarn's ghost, journeyman DDFi


Innate Abilities, Weirdness & Mutations

You reflexively headbutt those who attack you in melee.
You have a pair of large horns on your head.
You have a beak for a mouth.
You are dopey. (Int -2)
You are somewhat resistant to further mutation.


Message History

The satyr radiates an aura of fear!
You are terrified of the satyr!
The satyr unwields a +0 club.
The satyr wields a +0 fustibalus.
The satyr shoots a sling bullet.
The sling bullet hits you!
You wake up.
* * * LOW HITPOINT WARNING * * *
Items here: (( )) † a +0 fustibalus; a +0 club; 16 sling bullets; an arrow; a satyr corpse
As you read the scroll of teleportation, it crumbles to dust.
You feel strangely unstable.
The faun unwields a +0 club.
The faun wields a +0 hunting sling.
The faun shoots a stone.
You block the stone.
The satyr shoots a sling bullet.
The sling bullet hits you but does no damage.
Okay, then.
The satyr shoots a sling bullet.
The sling bullet hits you but does no damage.
You see here 2 sling bullets.
You are no longer terrified.
You are feeling hungry.
The satyr shoots a sling bullet.
The sling bullet hits you!!
You die...

.÷)..<...≈≈≈≈≈≈≈≈≈≈≈≈≈≈.......
..........≈≈≈≈≈≈≈≈)≈≈≈≈≈......
...........≈≈≈≈≈≈≈≈≈≈†≈≈......
≈).......≈≈≈≈≈≈≈.....≈≈≈≈.....
≈≈.......≈≈≈≈≈≈≈.....≈c≈≈≈....
≈≈≈≈...≈.≈≈≈≈........≈≈c≈≈≈...
≈≈≈≈≈≈≈≈≈≈≈≈≈≈......≈≈≈≈c≈≈≈≈.
≈≈≈≈≈≈≈≈≈≈≈≈≈≈≈.###.(≈≈≈≈≈≈≈≈≈
≈≈≈≈≈≈≈≈≈≈≈≈≈≈..@(((≈≈≈≈≈≈≈.≈.
≈≈≈≈≈≈≈≈≈≈≈≈≈P...(.≈))(≈≈≈≈...
≈≈≈≈≈≈≈≈P≈≈PP..#.≈(≈()≈≈≈≈≈≈..
≈≈PPP≈.#.≈P≈)^≈≈≈≈≈..≈
≈≈≈P≈≈P..≈...≈≈≈≈≈≈...
≈≈P≈P≈P..≈P#.≈≈≈≈≈≈≈≈.
≈≈≈≈PPPPP≈..[≈≈≈≈≈≈≈≈≈
≈≈≈PPPPPPP≈≈≈≈≈≈≈≈...
≈≈PP≈PP≈≈≈≈P≈≈≈...


You could see a satyr.

Vanquished Creatures
  Bai Suzhen (Spider:3)
  Arachne (Spider:2)
  Rupert (Lair:6)
  Ilsuiw (Shoals:4)
  Louise (Spider:2)
  4 ghost moths (Spider:4)
  An emperor scorpion (Spider:4)
  3 entropy weavers
  3 spark wasps (Spider:4)
  Snorg (D:11)
  3 merfolk javelineers (Shoals:4)
  5 merfolk impalers
  4 hydras
  Harold (D:7)
  Fannar (D:11)
  A two-headed ogre (D:8)
  2 merfolk aquamancers
  2 alligator snapping turtles
  3 death yaks (D:11)
  2 satyrs (Shoals:4)
  2 merfolk avatars
  Urug (Lair:1)
  Sonja (D:11)
  Nergalle (D:10)
  2 sea snakes
  7 fauns
  6 orb spiders
  19 wolf spiders
  3 manticores
  An elephant (Lair:3)
  3 moths of wrath (Spider:4)
  2 cyclopes (D:11)
  Joseph (D:7)
  2 torpor snails
  7 merfolk sirens
  4 black mambas
  4 water nymphs
  A gargoyle (D:10)
  Maggie (D:10)
  6 spiny frogs
  3 demonic crawlers
  2 kobold demonologists (D:11)
  4 komodo dragons
  2 wind drakes
  A troll (D:10)
  3 meliai (Lair:6)
  A queen bee (Lair:6)
  10 hornets
  25 jumping spiders
  10 polar bears
  18 merfolk
  11 blink frogs
  Prince Ribbit (D:9)
  2 dream sheep (Lair:6)
  4 snapping turtles
  10 hippogriffs
  62 redbacks
  3 wraiths (D:10)
  12 spriggans (Lair:6)
  3 water elementals
  18 tarantellas
  A vampire (D:11)
  24 yaks
  2 wyverns
  4 basilisks
  Menkaure (D:7)
  8 water moccasins
  Duvessa (D:6)
  A sky beast (D:11)
  10 porcupines
  5 black bears
  6 necrophages
  4 orc warriors
  3 ice beasts
  3 phantoms
  3 ogres
  25 wolves (Lair:6)
  2 centaurs
  4 boggarts (Lair:6)
  9 crocodiles
  4 big kobolds
  An elf zombie (Ossuary)
  19 bullfrogs
  Dowan (D:6)
  5 scorpions
  2 troll zombies (D:10)
  38 killer bees
  18 wights
  6 electric eels
  4 howler monkeys
  4 crimson imps
  2 bullfrog zombies
  3 quasits
  A human zombie (Ossuary)
  4 jellies (Lair:5)
  9 orc priests
  4 hounds
  4 orc wizards
  2 iguanas
  8 worker ants
  A hell rat (D:11)
  4 ogre zombies (D:10)
  4 hound zombies
  4 mummies (Ossuary)
  2 howler monkey zombies
  A worker ant zombie (D:7)
  3 gnolls (D:4)
  9 adders
  A howler monkey skeleton (D:11)
  3 shadow imps
  An ooze (D:4)
  A worm (D:5)
  3 leopard geckos
  34 orcs
  4 giant cockroaches
  A gnoll zombie (Ossuary)
  4 goblins
  6 hobgoblins
  15 jackals
  11 kobolds
  6 quokkas
  3 ball pythons
  3 bats
  2 frilled lizards
  2 goblin skeletons (D:10)
  3 goblin zombies
  A hobgoblin skeleton (D:10)
  3 hobgoblin zombies
  A jackal zombie (Ossuary)
  2 kobold zombies (Ossuary)
  3 orc skeletons (D:10)
  12 orc zombies
  A quokka skeleton (D:8)
  3 rats
  3 fungi (Lair:6)
  9 plants
744 creatures vanquished.

Vanquished Creatures (others)
  An orc wizard (D:11)
  6 fungi
  19 plants
26 creatures vanquished.

Grand Total: 770 creatures vanquished

Notes
Turn   | Place    | Note
-------+----------+-------------------------------------------
     0 | D:1      | Flugslaktarn the Minotaur Fighter began the quest for the
                  | Orb.
     0 | D:1      | Reached XP level 1. HP: 19/19 MP: 0/0
    36 | D:1      | Reached XP level 2. HP: 19/27 MP: 1/1
    62 | D:2      | Reached skill level 3 in Axes
   305 | D:3      | Found an ornate altar of the Wu Jian Council.
   317 | D:3      | Reached XP level 3. HP: 33/33 MP: 2/2
   538 | D:3      | Found a snail-covered altar of Cheibriados.
   560 | D:3      | Became a worshipper of Cheibriados the Contemplative
   678 | D:3      | Reached XP level 4. HP: 33/40 MP: 3/3
   772 | D:3      | Reached skill level 4 in Axes
  1076 | D:3      | Reached skill level 1 in Invocations
  1154 | D:3      | Reached * piety under Cheibriados
  1321 | D:4      | Reached XP level 5. HP: 19/47 MP: 4/4
  1549 | D:4      | Noticed a phantom
  1575 | D:4      | Killed a phantom
  1805 | D:4      | Reached skill level 5 in Axes
  1805 | D:4      | Reached XP level 6. HP: 43/53 MP: 6/6
  2378 | D:4      | Reached skill level 5 in Fighting
  2378 | D:4      | Reached skill level 5 in Armour
  2378 | D:4      | Reached skill level 5 in Shields
  2573 | D:4      | Reached XP level 7. HP: 36/61 MP: 7/7
  2841 | D:5      | Entered Level 5 of the Dungeon
  2942 | D:5      | Got a pitted bronze amulet
  2944 | D:5      | Identified the amulet of Fouha {Acrobat rF++ rC+ Int+4}
                  | (You found it on level 5 of the Dungeon)
  3030 | D:5      | Found a transporter.
  3087 | D:5      | Found a transporter.
  3127 | D:5      | Found a sand-covered staircase.
  3162 | D:5      | Reached skill level 6 in Axes
  3175 | Ossuary  | Entered an ossuary
  3181 | Ossuary  | Reached ** piety under Cheibriados
  3717 | D:5      | Found a sacrificial altar of Ru.
  3832 | D:6      | Reached XP level 8. HP: 27/70 MP: 2/9
  3834 | D:6      | Reached skill level 7 in Axes
  4054 | D:6      | Reached *** piety under Cheibriados
  4171 | D:6      | Found a staircase to the Ecumenical Temple.
  4198 | D:6      | Noticed Duvessa
  4198 | D:6      | Noticed Dowan
  4207 | D:6      | Killed Duvessa
  4216 | D:6      | Killed Dowan
  4477 | D:7      | Reached skill level 8 in Axes
  4559 | D:7      | Noticed Joseph
  4600 | D:7      | Killed Joseph
  4600 | D:7      | Reached XP level 9. HP: 58/79 MP: 8/11
  4757 | D:7      | Noticed Harold
  4759 | D:7      | Reached skill level 9 in Axes
  4770 | D:7      | Reached **** piety under Cheibriados
  4782 | D:7      | HP: 2/79 [Harold/+0 glaive (19)]
  4783 | D:7      | Killed Harold
  4783 | D:7      | Reached skill level 5 in Invocations
  5248 | D:7      | Reached skill level 10 in Axes
  5515 | D:7      | Found a shimmering blue altar of Sif Muna.
  5543 | D:7      | Found a stormy altar of Qazlal.
  5544 | D:7      | Found a blossoming altar of Fedhas.
  5544 | D:7      | Found an opulent altar of Gozag.
  5633 | D:7      | Found a burning altar of Makhleb.
  5636 | D:7      | Noticed a balrug
  5638 | D:7      | Found a glowing silver altar of Zin.
  5638 | D:7      | Noticed an angel
  5680 | D:7      | Noticed Menkaure
  5685 | D:7      | Killed Menkaure
  6263 | D:8      | Reached XP level 10. HP: 88/88 MP: 13/13
  6307 | D:8      | Reached ***** piety under Cheibriados
  6605 | D:8      | Noticed a two-headed ogre
  6608 | D:8      | Killed a two-headed ogre
  7366 | D:9      | Noticed Prince Ribbit
  7372 | D:9      | Killed Prince Ribbit
  7372 | D:9      | Reached skill level 11 in Axes
  7508 | D:9      | Found a shattered altar of Ashenzari.
  7508 | D:9      | Found a radiant altar of Vehumet.
  7520 | D:9      | Found an ornate altar of the Wu Jian Council.
  7993 | D:10     | Entered Level 10 of the Dungeon
  8006 | D:10     | Noticed Nergalle
  8021 | D:10     | Killed Nergalle
  8166 | D:10     | Found a staircase to the Orcish Mines.
  8196 | D:10     | Reached ****** piety under Cheibriados
  8259 | D:10     | Reached XP level 11. HP: 97/97 MP: 15/15
  8279 | D:10     | Noticed Maggie
  8298 | D:10     | Killed Maggie
  8298 | D:10     | Reached skill level 12 in Axes
  8645 | D:10     | Identified the cursed +2 falchion "Lowiuwn" {venom, Stlth+}
  9052 | D:11     | Noticed Snorg
  9057 | D:11     | Killed Snorg
  9250 | D:11     | Noticed Fannar
  9258 | D:11     | Killed Fannar
  9357 | D:11     | Noticed a death yak
  9359 | D:11     | Found a staircase to the Lair.
  9359 | D:11     | Noticed a death yak
  9359 | D:11     | Noticed a death yak
  9371 | D:11     | Killed a death yak
  9376 | D:11     | Killed a death yak
  9376 | D:11     | Reached skill level 10 in Fighting
  9376 | D:11     | Reached skill level 13 in Axes
  9376 | D:11     | Reached skill level 10 in Shields
  9376 | D:11     | Killed a death yak
  9376 | D:11     | Reached skill level 10 in Armour
  9384 | D:11     | Gained mutation: Armour fits poorly on your strangely
                  | shaped body. [a neqoxec]
  9385 | D:11     | Gained mutation: Scrolls take you a little longer to read.
                  | [a neqoxec]
  9552 | D:11     | Lost mutation: Armour fits poorly on your strangely shaped
                  | body. [potion of mutation]
  9552 | D:11     | Lost mutation: Scrolls take you a little longer to read.
                  | [potion of mutation]
  9552 | D:11     | Gained mutation: You have a pair of large horns on your
                  | head. [potion of mutation]
  9552 | D:11     | Gained mutation: You are dopey. (Int -2) [potion of
                  | mutation]
  9552 | D:11     | Gained mutation: You have a beak for a mouth. [potion of
                  | mutation]
  9552 | D:11     | Gained mutation: You are somewhat resistant to further
                  | mutation. [potion of mutation]
  9605 | D:11     | Noticed Sonja
  9609 | D:11     | Killed Sonja
  9687 | D:11     | Reached XP level 12. HP: 107/107 MP: 16/16
 10413 | Lair:1   | Entered Level 1 of the Lair of Beasts
 10562 | Lair:1   | Noticed Urug
 10567 | Lair:1   | Killed Urug
 11424 | Lair:2   | Found an iron altar of Okawaru.
 11466 | Lair:2   | Noticed a five-headed hydra
 11473 | Lair:2   | Killed a one-headed hydra
 11515 | Lair:2   | Reached skill level 14 in Axes
 12799 | Lair:3   | Noticed a seven-headed hydra
 12808 | Lair:3   | Killed a five-headed hydra
 13461 | Lair:3   | Noticed a seven-headed hydra
 13464 | Lair:3   | Killed a ten-headed hydra
 13643 | Lair:3   | Noticed a six-headed hydra
 13647 | Lair:3   | Killed a seven-headed hydra
 13755 | Lair:3   | Found a staircase to the Shoals.
 14123 | Lair:4   | Reached XP level 13. HP: 113/116 MP: 18/18
 14228 | Lair:4   | Found a hole to the Spider Nest.
 14291 | Lair:4   | Reached skill level 15 in Axes
 14563 | Lair:5   | Found a staircase to the Slime Pits.
 15470 | Lair:6   | Entered Level 6 of the Lair of Beasts
 15572 | Lair:6   | Noticed Rupert
 15589 | Lair:6   | Killed Rupert
 15895 | Lair:6   | Reached skill level 16 in Axes
 16098 | Lair:6   | Reached skill level 10 in Invocations
 16362 | Lair:6   | Found a transporter.
 16364 | Lair:6   | Noticed Flugslaktarn's ghost (journeyman DDFi)
 16365 | Lair:6   | Found a transporter.
 16373 | Lair:6   | Reached XP level 14. HP: 127/127 MP: 20/20
 17110 | Spider:1 | Entered Level 1 of the Spider Nest
 17609 | Spider:3 | Noticed Bai Suzhen
 17630 | Spider:3 | Killed Bai Suzhen
 17630 | Spider:3 | Reached skill level 17 in Axes
 18139 | Spider:3 | Noticed an entropy weaver
 18147 | Spider:3 | Killed an entropy weaver
 18301 | Spider:4 | Entered Level 4 of the Spider Nest
 18301 | Spider:4 | Noticed an entropy weaver
 18306 | Spider:4 | Killed an entropy weaver
 18740 | Spider:4 | Killed a ghost moth
 18984 | Spider:4 | Reached XP level 15. HP: 107/136 MP: 18/22
 19007 | Spider:4 | HP: 4/136 [something (7)]
 19010 | Spider:4 | Killed a ghost moth
 19467 | Spider:4 | Killed a ghost moth
 19467 | Spider:4 | Reached skill level 18 in Axes
 19778 | Spider:4 | Killed a ghost moth
 19806 | Spider:4 | Got a gossamer rune of Zot
 19939 | Spider:2 | Identified the cursed +0 tower shield "Ytwuastuza" {*Slow
                  | rC+ MR+}
 19939 | Spider:2 | Noticed Louise
 19942 | Spider:2 | Noticed Arachne
 19957 | Spider:2 | Killed Arachne
 19966 | Spider:2 | Killed Louise
 20652 | Shoals:1 | Entered Level 1 of the Shoals
 21587 | Shoals:4 | Entered Level 4 of the Shoals
 21590 | Shoals:4 | Reached XP level 16. HP: 132/147 MP: 24/24
 21798 | Shoals:4 | Found the amulet of the Air {Inacc +Fly rElec EV+5 RMsl}
 21912 | Shoals:4 | Noticed Ilsuiw
 21942 | Shoals:4 | Killed Ilsuiw
 21991 | Shoals:4 | Reached skill level 15 in Fighting
 21999 | Shoals:4 | Reached skill level 15 in Armour
 22087 | Shoals:4 | Reached skill level 15 in Shields
 22260 | Shoals:4 | Shot with a sling bullet by a satyr

Levels and vault maps discovered:
D:1:      giann_bridges, layout_basic
D:2:      layout_loops_ring
D:3:      layout_rooms, nicolae_overflow_crystal_walls, lemuel_doored_altar,
          first_ration, minmay_fountain_box
D:4:      layout_loops_ring
D:5:      gammafunk_cloud_chamber, layout_cave_pods, enter_ossuary_3,
          nicolae_ru_path_of_blood
D:6:      layout_rooms, minmay_temple_entry_mist, uniq_duvessa
D:7:      layout_cave_pods, grunt_temple_overflow_order_and_chaos_2,
          kennysheep_little_box, gammafunk_temple_overflow_claw, serial_undead,
          serial_undead_a, serial_undead_a, serial_undead_c, serial_undead_c,
          uniq_menkaure, uniq_joseph, uniq_harold
D:8:      layout_basic
D:9:      layout_loops_ring, chequers_temple_overflow_statue_of_worship,
          basic_altar, uniq_prince_ribbit1
D:10:     layout_roguey, zombieorc1_lemuel, serial_glass, glass_columns_a,
          glass_columns_a, uniq_nergalle, uniq_maggie
D:11:     layout_stronghold, dpeg_lair_monsters, uniq_snorg, uniq_sonja,
          uniq_fannar
Lair:1:   wad_woods_04, layout_cave_pods, uniq_urug
Lair:2:   layout_layer_cave, basic_altar
Lair:3:   layout_loops_ring, elwin_shoals_entry_rooms, beast_lair_carwin_6
Lair:4:   layout_hall_layers, nicolae_spider_entry_orb_guardian, minmay_holes
Lair:5:   layout_cave_pods, minmay_slime_entry_pillars,
          chequers_serial_rivers_micro_c
Lair:6:   minmay_lair_end_enchanted_forest, layout_long_grid,
          gammafunk_ghost_arena, special_room [special_room_bee],
          chequers_serial_rivers_marsh, disabler_island, uniq_rupert
Shoals:1: layout_shoals, abandoned_shop
Shoals:2: layout_shoals
Shoals:3: layout_shoals, nicolae_shoals_hunting_party
Shoals:4: shoals_end_grunt_garden, layout_shoals, shoal_ilsuiw,
          nicolae_shoals_kraken_intersection
Spider:1: layout_spider_delve
Spider:2: layout_spider_delve, uniq_louise, uniq_arachne
Spider:3: layout_spider_delve, uniq_bai_suzhen
Spider:4: spider_rune_water, gammafunk_ghost_arena

Skill      XL: |  1  2  3  4  5  6  7  8  9 10 11 12 13 14 15 16 |
---------------+-------------------------------------------------+-----
Axes           | 3 4 5 6 8 10 11 13 14 16 17 18 | 18.0
Shields        | 4 5 7 9 10 11 12 13 14 15 | 15.0
Armour         | 4 5 6 7 9 10 11 12 13 14 15 | 15.1
Fighting       | 4 5 7 8 9 10 11 12 13 14 15 | 15.1
Invocations    | 1 2 3 4 5 6 7 9 10 11 12 | 12.6

Action                   |  1- 3 |  4- 6 |  7- 9 | 10-12 | 13-15 | 16-18 || total
-------------------------+-------+-------+-------+-------+-------+-------++-------
Melee: War axe           |    76 |    99 |   205 |   323 |       |       ||   703
       Headbutt          |    12 |    16 |    65 |   109 |   202 |    38 ||   442
       Peck              |       |       |       |    32 |   167 |    28 ||   227
       Broad axe         |       |       |       |    77 |   665 |   119 ||   861
Invok: Slouch            |       |       |       |       |     6 |     7 ||    13
Evoke: Wand              |       |       |       |       |     3 |     8 ||    11
  Use: Potion            |       |     1 |       |     1 |     8 |     1 ||    11
       Scroll            |       |       |     8 |    16 |    13 |     1 ||    38
 Stab: Held in net/web   |       |       |       |       |     1 |       ||     1
       Invisible         |       |       |       |       |     5 |       ||     5
       Paralysed         |       |       |       |       |     2 |       ||     2
  Eat: Chunk             |       |     3 |     6 |     8 |     7 |     1 ||    25
       Ration            |       |       |       |     2 |     2 |       ||     4
Armor: Scale mail        |    41 |    28 |     2 |       |       |       ||    71
       Skin              |       |     3 |       |       |       |       ||     3
       Plate armour      |       |       |    83 |   111 |   305 |    53 ||   552
Dodge: Dodged            |    20 |    33 |   112 |   234 |   288 |    81 ||   768
Block: Kite shield       |    51 |    55 |   153 |   258 |       |       ||   517
       Tower shield      |       |       |       |    84 |   893 |   211 ||  1188

Table legend:
 A = Non-vault XP
 B = Vault XP
 C = Vault XP percentage of total XP
 D = Non-vault monster count
 E = Vault monster count
 F = Vault count percentage of total count
                 A         B        C        D         E       F
            +---------+---------+-------+---------+---------+-------
      Total |   98786 |   75976 |  43.5 |     510 |     222 |  30.3
            +---------+---------+-------+---------+---------+-------
        D:1 |      12 |       0 |   0.0 |       7 |       0 |   0.0
        D:2 |      21 |       0 |   0.0 |      11 |       0 |   0.0
        D:3 |     143 |       0 |   0.0 |      23 |       0 |   0.0
        D:4 |     558 |       0 |   0.0 |      21 |       0 |   0.0
        D:5 |     266 |       0 |   0.0 |       9 |       0 |   0.0
        D:6 |     495 |     230 |  31.7 |      13 |       2 |  13.3
        D:7 |    1294 |    2037 |  61.2 |      28 |       9 |  24.3
        D:8 |    2219 |       0 |   0.0 |      33 |       0 |   0.0
        D:9 |     908 |     268 |  22.8 |      19 |       1 |   5.0
       D:10 |    2770 |    1922 |  41.0 |      30 |      30 |  50.0
       D:11 |    4086 |    5772 |  58.6 |      47 |       8 |  14.5
     Lair:1 |    2039 |     839 |  29.2 |      11 |       1 |   8.3
     Lair:2 |    3588 |       0 |   0.0 |      12 |       0 |   0.0
     Lair:3 |    4714 |    2478 |  34.5 |      11 |       9 |  45.0
     Lair:4 |    2463 |     566 |  18.7 |      13 |       1 |   7.1
     Lair:5 |    5351 |     165 |   3.0 |      24 |       4 |  14.3
     Lair:6 |    8340 |   14060 |  62.8 |      38 |      76 |  66.7
   Shoals:1 |    5302 |       0 |   0.0 |      10 |       0 |   0.0
   Shoals:2 |    4354 |       0 |   0.0 |      10 |       0 |   0.0
   Shoals:3 |    3438 |    1685 |  32.9 |       6 |       3 |  33.3
   Shoals:4 |    7143 |   14678 |  67.3 |      17 |      20 |  54.1
   Spider:1 |    1399 |       0 |   0.0 |       6 |       0 |   0.0
   Spider:2 |    7569 |    5472 |  42.0 |      27 |       2 |   6.9
   Spider:3 |   10583 |    5436 |  33.9 |      32 |       1 |   3.0
   Spider:4 |   19731 |   20128 |  50.5 |      52 |      39 |  42.9
    Ossuary |       0 |     240 | 100.0 |       0 |      16 | 100.0
            +---------+---------+-------+---------+---------+-------
